 Dungeon Crawl Stone Soup version 0.27-a0-343-gfcad680f63 (webtiles) character file.

Game seed: 14775035057148572650

85 jestyr24 the Vandal (level 4, -2/29 HPs)
             Began as a Halfling Hunter on Feb 15, 2021.
             Slain by an iguana (13 damage)
             ... on level 4 of the Dungeon.
             The game lasted 00:13:21 (2371 turns).

jestyr24 the Vandal (Halfling Hunter)               Turns: 2371, Time: 00:13:22

Health: -2/29      AC:  3    Str: 13    XL:     4   Next: 75%
Magic:  4/4        EV: 14    Int:  9    God:
Gold:   87         SH:  0    Dex: 15    Spells: 3/3 levels left

rFire    . . .     SeeInvis .   b - +0 short sword
rCold    . . .     Faith    .   (shield restricted)
rNeg     . . .     Spirit   .   c - +0 leather armour
rPois    .         Reflect  .   (no helmet)
rElec    .         Harm     .   (no cloak)
rCorr    .         Rampage  .   (no gloves)
Will     .....                  (no boots)
Stlth    ++........             (no amulet)
HPRegen  0.09/turn              (no ring)
MPRegen  0.09/turn              (no ring)

@: no status effects
A: small, mutation resistance 1
a: no special abilities


You were on level 4 of the Dungeon.
You visited 1 branch of the dungeon, and saw 4 of its levels.

You collected 87 gold pieces.

Inventory:

Hand Weapons
 a - a +1 hunting sling
 b - a +0 short sword (weapon)
 e - a +0 short sword
 m - a +0 dagger of speed
 o - a +1 vampiric spear
Missiles
 d - 50 sling bullets
 g - 23 poisoned darts
 h - 56 stones (quivered)
Armour
 c - a +0 leather armour (worn)
Scrolls
 i - 2 scrolls of immolation {unknown}
 n - a scroll of blinking {unknown}
 r - a scroll of noise {unknown}
Potions
 f - 2 potions of attraction {unknown}
 j - a potion of ambrosia {unknown}
 k - 2 potions of curing {unknown}
 l - a potion of haste {unknown}
 p - a potion of mutation {unknown}
 q - a potion of brilliance {unknown}


   Skills:
 + Level 2.2 Fighting
 + Level 7.7 Slings
 + Level 0.8 Armour
 + Level 2.4 Dodging
 + Level 1.1 Stealth


You had 3 spell levels left.
You didn't know any spells.
Your spell library was empty.

Dungeon Overview and Level Annotations

Branches:
Dungeon (4/15)
 Temple: D:4-7

Altars:


Innate Abilities, Weirdness & Mutations

You are small and have problems with some larger weapons.
You are somewhat resistant to further mutation.


Message History

You shoot a stone. The orc shouts!
The stone hits the orc!
You kill the orc!
You start resting.
An iguana comes into view.
Fire: 62 stones
Press: ? - help, Q - select action, (/) - cycle Shift-Dir - straight line, f - iguana
Aim: an iguana (wandering, hasn't noticed you, 68% to hit)
You shoot a stone. The iguana hisses angrily.
The stone hits the iguana.
The iguana is moderately wounded.
Fire: 61 stones
Press: ? - help, Q - select action, (/) - cycle Shift-Dir - straight line, f/p - iguana
Aim: an iguana (moderately wounded, 68% to hit)
You shoot a stone. The stone closely misses the iguana.
Fire: 60 stones
Press: ? - help, Q - select action, (/) - cycle Shift-Dir - straight line, f/p - iguana
Aim: an iguana (moderately wounded, 68% to hit)
You shoot a stone. The stone hits the iguana.
The iguana is moderately wounded.
Fire: 59 stones
Press: ? - help, Q - select action, (/) - cycle Shift-Dir - straight line, f/p - iguana
Aim: an iguana (moderately wounded, 68% to hit)
You shoot a stone. The stone hits the iguana.
The iguana is heavily wounded.
Fire: 58 stones
Press: ? - help, Q - select action, (/) - cycle Shift-Dir - straight line, f/p - iguana
Aim: an iguana (heavily wounded, 68% to hit)
You shoot a stone. The stone closely misses the iguana.
Fire: 57 stones
Press: ? - help, Q - select action, (/) - cycle Shift-Dir - straight line, f/p - iguana
Aim: an iguana (heavily wounded, 68% to hit)
You shoot a stone. The stone closely misses the iguana.
b - a +0 short sword (weapon)
You hit the iguana.
The iguana is heavily wounded.
The iguana bites you!
You die...

....# ..
.....## . #
.......## .##..
........##....#
.............#
.............##
..............#
.......@.......
........l......
...............
...............
...........(.(.
............(.)
..............(
..............(


You could see an iguana.

Vanquished Creatures
  2 adders
  3 dart slugs
  5 leopard geckos
  3 orcs (D:4)
  2 giant cockroaches
  2 hobgoblins
  4 jackals
  6 kobolds
  2 ball pythons
  2 bats (D:1)
  4 frilled lizards
  8 goblins
  8 rats
51 creatures vanquished.

Notes
Turn   | Place    | Note
-------+----------+-------------------------------------------
     0 | D:1      | jestyr24 the Halfling Hunter began the quest for the Orb.
     0 | D:1      | Reached XP level 1. HP: 14/14 MP: 1/1
    21 | D:1      | Reached skill level 6 in Slings
   142 | D:1      | Reached XP level 2. HP: 19/19 MP: 2/2
   365 | D:1      | Reached XP level 3. HP: 24/24 MP: 3/3
   752 | D:1      | Reached skill level 7 in Slings
   961 | D:2      | Reached XP level 4. HP: 29/29 MP: 4/4
  1093 | D:2      | HP: 1/29 [leopard gecko (4)]
  2337 | D:3      | Noticed a centaur
  2371 | D:4      | Slain by an iguana

Illustrated notes

Levels and vault maps discovered:
D:1:      ncdulo_watergridlock, layout_loops_corners
D:2:      layout_basic, columned_hall_lemuel, minmay_misc_feat_tower,
          minmay_tetromino_t4
D:3:      layout_loops_corners, nicolae_overflow_hidden_temple, uniq_sigmund
D:4:      kennysheep_goblin_castle, layout_layer_cave, uniq_ijyb

Skill      XL: |  1  2  3 |
---------------+----------+-----
Slings         | 6 7 |  7.7
Fighting       | 2 |  2.2
Armour         | |  0.8
Dodging        | |  2.4
Stealth        | |  1.1

Action                   |  1- 3 |  4- 6 || total
-------------------------+-------+-------++-------
Melee: Short sword       |     9 |    33 ||    42
       Dagger            |       |     1 ||     1
 Fire: Hunting sling     |    70 |    39 ||   109
Throw: Dart              |     2 |       ||     2
       Stone             |     1 |    30 ||    31
Armor: Leather armour    |     2 |     3 ||     5
Dodge: Dodged            |    11 |    46 ||    57

Table legend: (Time is in decaauts)
 A = Elapsed time spent in this place.
 B = Non-inter-level travel time spent in this place.
 C = Inter-level travel time spent in this place.
 D = Time resting spent in this place.
 E = Time spent auto-exploring this place.
 F = Levels seen in this place.
 G = Mean time per level.
                   A        B        C        D        E       F      G
               +--------+--------+--------+--------+--------+-----+--------+
         Total |   2349 |   2307 |     42 |    409 |   1134 |   4 |  587.2 |
       Dungeon |   2349 |   2307 |     42 |    409 |   1134 |   4 |  587.2 |
               +--------+--------+--------+--------+--------+-----+--------+

Top non-repeatable levels by time:
     D:2: 1253 daAuts
     D:1: 812 daAuts
     D:3: 266 daAuts
     D:4: 17 daAuts
